 Dungeon Crawl Stone Soup version 0.17-a0-995-gb5fa8d7 (webtiles) character file.

20 esc the Insei (level 2, -5/24 HPs)
             Began as a Demonspawn Monk on May 12, 2015.
             Slain by a worm (9 damage)
             ... on level 2 of the Dungeon.
             The game lasted 00:01:22 (642 turns).

esc the Insei (Demonspawn Monk)                      Turns: 642, Time: 00:01:22

Health: -5/24      AC:  2    Str: 11    XL:     2   Next: 58%
Magic:  2/2        EV: 15    Int: 11    God:
Gold:   11         SH:  0    Dex: 15    Spells: 0 memorised, 1 level left

rFire  . . .     SeeInvis .       - Unarmed
rCold  . . .     Clarity  .     a - +0 robe
rNeg   . . .     SustAb   .     (no shield)
rPois  .         Gourm    .     (no helmet)
rElec  .         Spirit   .     (no cloak)
rCorr  .         Warding  .     (no gloves)
rMut   .         Stasis   .     (no boots)
MR     .....                    (no amulet)
Stlth  ++........               (no ring)
                                (no ring)

@: not resistant to hostile enchantments, unstealthy
A: repulsion field 1
a: no special abilities


You were on level 2 of the Dungeon.
You were not hungry.

You visited 1 branch of the dungeon, and saw 2 of its levels.

You collected 11 gold pieces.

Inventory:

Hand weapons
 h - a +2 dagger of venom
   (You took it off a kobold on level 2 of the Dungeon)
Armour
 a - a +0 robe (worn)
Scrolls
 g - a scroll of immolation {unknown}
 i - a scroll of magic mapping {unknown}
 j - a scroll of random uselessness {unknown}
Potions
 c - 2 potions of ambrosia {unknown}
 e - 2 potions of might {unknown}
 f - a potion of curing {unknown}
Comestibles
 b - a bread ration {@e1}


   Skills:
 + Level 3.4 Fighting
 + Level 2.8 Dodging
 - Level 1.7 Stealth
 + Level 3.9 Unarmed Combat


You had one spell level left.
You didn't know any spells.

Dungeon Overview and Level Annotations

Branches:
Dungeon (2/15)

Altars:
Ashenzari
Dithmenos
Nemelex Xobeh
Zin


Innate Abilities, Weirdness & Mutations

You are surrounded by a mild repulsion field (EV +2).


Message History

You hit the kobold but do no damage. The kobold hits you.
You take 1 damage, and have 22/24 hp.
You hit the kobold but do no damage. You hit the kobold but do no damage.
The kobold hits you.
You take 2 damage, and have 20/24 hp.
You hit the kobold. The kobold closely misses you.
You barely miss the kobold. The kobold hits you.
You take 2 damage, and have 18/24 hp.
You hit the kobold.
You kill the kobold!
No target in view!
No target in view!
You see here a kobold corpse.
You butcher the kobold corpse.
You see here 3 inedible chunks of flesh {@w0}.
There is a dry fountain here.
i - a scroll labeled HEGALY RAEN
j - a scroll labeled FYS UCYSKASA Some of the chunks of flesh in your inventory have rotted away.
Found a glowing silver altar of Zin.
A kobold comes into view. It is wielding a short sword.
The kobold shouts!
The kobold throws a stone.
The stone hits you.
You see here a stone.
The kobold throws a stone.
The stone hits you.
You see here a stone.
You take 1 damage, and have 21/24 hp.
The kobold throws a stone.
The stone misses you. The kobold hits you with a short sword.
You barely miss the kobold. The kobold misses you.
You closely miss the kobold. The kobold closely misses you.
You take 3 damage, and have 18/24 hp.
You closely miss the kobold. The kobold barely misses you.
You barely miss the kobold. The kobold closely misses you.
You hit the kobold. The kobold hits you with a short sword.
You take 4 damage, and have 14/24 hp.
You barely miss the kobold. The kobold hits you with a short sword.
You barely miss the kobold.
You take 4 damage, and have 10/24 hp.
You closely miss the kobold. The kobold misses you.
You barely miss the kobold. The kobold misses you.
You hit the kobold.
You kill the kobold!
No target in view!
You see here 2 stones.
You see here 2 stones.
You see here a stone.
A bat comes into view.
Found a stone staircase leading down.
You start resting.
All of the chunks of flesh in your inventory have rotted away.
You regained 6 hp, and now have 17/24 hp.
A bat is nearby!
The bat misses you. The bat closely misses you.
You hit the bat. The bat misses you. The bat hits you.
You take 1 damage, and have 16/24 hp.
You hit the bat.
You kill the bat!
No target in view!
No target in view!
No target in view!
No target in view!
No target in view!
No target in view!
No target in view!
No target in view!
No target in view!
No target in view!
No target in view!
No target in view!
No target in view!
No target in view!
A worm comes into view.
You barely miss the worm. The worm bites you!
You take 7 damage, and have 10/24 hp.
MASSIVE DAMAGE!!
You hit the worm. You hit the worm. The worm bites you.
* * * LOW HITPOINT WARNING * * *
You take 3 damage, and have 7/24 hp.
You are too injured to fight recklessly!
Wield which item (- for none, * to show all)? (? for menu, Esc to quit)
It begins to drip with poison!
h - a +2 dagger of venom (weapon)
You hit the worm.
The worm is poisoned.
Wield which item (- for none, * to show all)? (? for menu, Esc to quit)
Your +2 dagger of venom stops dripping with poison.
You are now empty-handed.
The worm barely misses you.
The worm looks more healthy.
You hit the worm but do no damage. You barely miss the worm.
The worm closely misses you.
You hit the worm. You hit the worm but do no damage. The worm bites you.
* * * LOW HITPOINT WARNING * * *
You take 5 damage, and have 4/24 hp.
MASSIVE DAMAGE!!
You hit the worm. You hit the worm but do no damage. The worm bites you!
You die...

...........+.......#.#
...........####†.....#
#.#.......## ##.#####
#.##.....#######.#
.................#
#.####..#######..#
#.####..##### #..#
............# #.w#
..####..###.###.@#
..###............#
..##.....##(####.#
..###...##.#(..).# ###
##.####.###### #_##
#.# ### ...8 #.#
....##.# #.#


You could see a worm.

Vanquished Creatures
  A giant gecko (D:2)
  A giant cockroach (D:2)
  3 goblins (D:2)
  A hobgoblin (D:2)
  2 jackals (D:2)
  6 kobolds (D:2)
  A ball python (D:2)
  A bat (D:2)
  A rat (D:2)
17 creatures vanquished.

Notes
Turn   | Place    | Note
--------------------------------------------------------------
     0 | D:1      | esc the Demonspawn Monk began the quest for the Orb.
     0 | D:1      | Reached XP level 1. HP: 18/18 MP: 1/1
     1 | D:1      | You fall through a shaft!
    44 | D:2      | Found a shadowy altar of Dithmenos.
    49 | D:2      | Found a sparkling altar of Nemelex Xobeh.
    68 | D:2      | Gained mutation: You are surrounded by a mild repulsion field (EV +2). [demonic ancestry]
    68 | D:2      | Reached XP level 2. HP: 12/24 MP: 2/2
   412 | D:2      | Found a shattered altar of Ashenzari.
   482 | D:2      | Found a glowing silver altar of Zin.
   640 | D:2      | HP: 4/24 [worm (5)]
   642 | D:2      | Slain by a worm

Vault maps used:
D:1:      roderic_octagonal_star
D:2:      nicolae_overflow_hidden_temple, grunt_temple_overflow_open,
          evilmike_ruin_ashenzari

Action                   || total
-------------------------++-------
Melee: Unarmed           ||    69
       Dagger            ||     1

Vault maps used:
D:1:      roderic_octagonal_star
D:2:      nicolae_overflow_hidden_temple, grunt_temple_overflow_open,
          evilmike_ruin_ashenzari

Table legend:
 A = Turns spent in this place as a percentage of turns spent in the entire game.
 B = Non-inter-level travel turns spent in this place as a percentage of non-inter-level travel turns spent in the entire game.
 C = Inter-level travel turns spent in this place as a percentage of turns spent in this place.
 D = Turns resting spent in this place as a percentage of non-inter-level travel turns spent in this place.
 E = Turns spent auto-exploring this place as a percentage of non-inter-level travel turns spent in this place.
 F = Non-inter-level travel turns spent in this place divided by the number of levels of this place that you've seen.
                   A       B       C       D       E      F
               +-------+-------+-------+-------+-------+----------------------
         Total | 100.0 | 100.0 |   0.0 |   1.5 |   8.9 | 135.0
       Dungeon | 100.0 | 100.0 |   0.0 |   1.5 |   8.9 | 135.0
               +-------+-------+-------+-------+-------+----------------------

Table legend:
 A = Kills in this place as a percentage of kills in entire the game.
 B = Kills by you in this place as a percentage of kills by you in the entire game.
 C = Kills by friends in this place as a percentage of kills by friends in the entire game.
 D = Other kills in this place as a percentage of other kills in the entire game.
 E = Experience gained in this place as a percentage of experience gained in the entire game.
 F = Experience gained in this place divided by the number of levels of this place that you have seen.
                   A       B       C       D       E      F
               +-------+-------+-------+-------+-------+----------------------
         Total | 100.0 | 100.0 |  -nan |  -nan | 100.0 |  14.5
       Dungeon | 100.0 | 100.0 |  -nan |  -nan | 100.0 |  14.5
               +-------+-------+-------+-------+-------+----------------------
